 Dungeon Crawl Stone Soup version 0.27.0-1-g7a08968 (webtiles) character file.

Game seed: 2324868593226616009

312 GeorgeSoros the Magician (level 6, -3/44 HPs)
             Began as a Gnoll Hedge Wizard on Aug 11, 2021.
             Killed by divine providence
             ... invoked by an orc priest
              (15 damage)
             ... on level 4 of the Dungeon on Aug 12, 2021.
             The game lasted 00:13:31 (4211 turns).

GeorgeSoros the Magician (Gnoll Hedge Wizard)       Turns: 4211, Time: 00:13:32

Health: -3/44      AC:  4    Str:  9    XL:     6   Next: 42%
Magic:  9/16       EV: 13    Int: 15    God:
Gold:   137        SH:  0    Dex: 12    Spells: 11/19 levels left

rFire    . . .     SeeInvis .   a - +0 dagger
rCold    . . .     Faith    .   (no shield)
rNeg     . . .     Spirit   .   b - +0 robe
rPois    .         Reflect  .   g - +1 helmet
rElec    .         Harm     .   (no cloak)
rCorr    .         Rampage  .   (no gloves)
Will     .....                  (no boots)
Stlth    +++.......             (no amulet)
HPRegen  0.14/turn              (no ring)
MPRegen  0.15/turn              (no ring)

@: no status effects
A: fangs 1, strong nose, distributed training
a: no special abilities


You were on level 4 of the Dungeon.
You visited 1 branch of the dungeon, and saw 4 of its levels.

You collected 137 gold pieces.

Inventory:

Hand Weapons
 a - a +0 dagger (weapon)
Armour
 b - a +0 robe (worn)
 c - a +0 hat
 g - a +1 helmet (worn)
 i - a +0 kite shield
 o - a +0 leather armour
Scrolls
 d - a scroll of noise {unknown}
 e - a scroll of fear {unknown}
 f - a scroll of fog {unknown}
 h - a scroll of magic mapping {unknown}
 j - a scroll of torment {unknown}
 k - 2 scrolls of silence
 n - a scroll of enchant weapon {unknown}
Potions
 l - 2 potions of heal wounds
 p - a potion of ambrosia
 q - a potion of flight {unknown}


   Skills:
 + Level 2.0 Fighting
 + Level 2.0 Short Blades
 + Level 2.0 Long Blades
 + Level 2.0 Axes
 + Level 2.0 Maces & Flails
 + Level 2.0 Polearms
 + Level 2.0 Staves
 + Level 2.0 Slings
 + Level 2.0 Bows
 + Level 2.0 Crossbows
 + Level 2.0 Throwing
 + Level 2.0 Armour
 + Level 5.0 Dodging
 + Level 4.6 Stealth
 + Level 2.0 Shields
 + Level 2.0 Unarmed Combat
 + Level 7.4 Spellcasting
 + Level 2.6 Conjurations
 + Level 1.5 Hexes
 + Level 2.6 Summonings
 + Level 1.5 Necromancy
 + Level 2.6 Translocations
 + Level 1.5 Transmutations
 + Level 1.5 Fire Magic
 + Level 1.5 Ice Magic
 + Level 1.5 Air Magic
 + Level 1.5 Earth Magic
 + Level 1.5 Poison Magic
 + Level 2.1 Invocations
 + Level 2.0 Evocations


You had 11 spell levels left.
You knew the following spells:

 Your Spells              Type           Power      Damage    Failure   Level
a - Magic Dart            Conj           52%        1d5       4%          1
b - Call Imp              Summ           13%        N/A       6%          2
c - Mephitic Cloud        Conj/Pois/Air  11%        N/A       17%         3
d - Blink                 Tloc           N/A        N/A       6%          2

Your spell library contained the following spells:

 Spells                   Type           Power      Damage    Failure   Level
 Slow                     Hex            10%        N/A       11%         2
 Conjure Flame            Conj/Fire      11%        6-21      16%         3
 Ozocubu's Armour         Ice            10%        N/A       21%         3
 Animate Dead             Necr           5%         N/A       56%         4
 Haunt                    Necr/Summ      5%         N/A       100%        7
 Ozocubu's Refrigeration  Ice            5%         4d6       100%        7
 Infestation              Necr           5%         N/A       100%        8


Dungeon Overview and Level Annotations

Branches:
Dungeon (4/15)
 Temple: D:4-7

Altars:
Hepliaklqana
Vehumet

Shops:
D:3 :

Annotations:
D:3 Purgy


Innate Abilities, Weirdness & Mutations

You have very sharp teeth.
Your uncanny sense of smell can sniff out nearby items.
Your experience applies equally to all skills.


Message History

The magic dart hits the hound but does no damage.
The hound is heavily wounded.
The hound bites you but does no damage. The hound closely misses you.
The magic dart hits the hound.
The hound is severely wounded.
The orc priest miscasts a cantrip.
The hound barely misses you.
The magic dart hits the hound.
The hound is severely wounded.
The hound bites you. The hound barely misses you.
The magic dart hits the hound.
The hound is almost dead.
The hound bites you.
The magic dart hits the hound.
You kill the hound!
Your Fighting skill increases to level 2!
Your Short Blades skill increases to level 2!
Your Long Blades skill increases to level 2!
Your Axes skill increases to level 2!
Your Maces & Flails skill increases to level 2!
Your Polearms skill increases to level 2!
Your Staves skill increases to level 2!
Your Slings skill increases to level 2!
Your Bows skill increases to level 2!
Your Crossbows skill increases to level 2!
Your Throwing skill increases to level 2!
Your Armour skill increases to level 2!
Your Dodging skill increases to level 5!
Your Shields skill increases to level 2!
Your Unarmed Combat skill increases to level 2!
Your Evocations skill increases to level 2!
The orc priest calls down the wrath of Beogh upon you.
Beogh smites you!
The orc priest begins to cast a cantrip, but forgets the words!
You see here a hound skeleton.
The orc priest calls down the wrath of Beogh upon you.
Beogh smites you!
* * * LOW HITPOINT WARNING * * *
The orc priest calls down the wrath of Beogh upon you.
Beogh smites you!
You die...

#...#_....)
####o####..... ###....#
##8...8 #....#รท# #8##
#....#.# ############
#....#.# ##..........#
#....#.###...........###
#....#.##............##.
#....#.@..#.............
###########.........<###
##........##
##........##
#..........#
#..........#
#.....)....#
#..........#
#..........#


You could see an orc priest.

Vanquished Creatures
  Sigmund (D:3)
  A phantom (D:3)
  2 hounds (D:4)
  3 adders
  2 dart slugs (D:1)
  4 bats
  8 endoplasms
  4 giant cockroaches
  5 goblins
  8 hobgoblins
  9 jackals
  2 ball pythons (D:1)
  2 frilled lizards
  3 kobolds
  3 rats (D:2)
57 creatures vanquished.

Vanquished Creatures (others)
  2 fungi (D:1)
  4 plants
6 creatures vanquished.

Grand Total: 63 creatures vanquished

Notes
Turn   | Place    | Note
-------+----------+-------------------------------------------
     0 | D:1      | GeorgeSoros the Gnoll Hedge Wizard began the quest for the
                  | Orb.
     0 | D:1      | Reached XP level 1. HP: 13/13 MP: 8/8
   329 | D:1      | Reached XP level 2. HP: 6/19 MP: 5/10
   820 | D:1      | Found a faded altar of an unknown god.
  1119 | D:1      | Reached XP level 3. HP: 25/25 MP: 8/11
  1452 | D:2      | Reached skill level 1 in Invocations
  1535 | D:1      | Learned a level 2 spell: Call Imp
  1651 | D:1      | Reached skill level 1 in Fighting
  1651 | D:1      | Reached skill level 1 in Short Blades
  1651 | D:1      | Reached skill level 1 in Long Blades
  1651 | D:1      | Reached skill level 1 in Axes
  1651 | D:1      | Reached skill level 1 in Maces & Flails
  1651 | D:1      | Reached skill level 1 in Polearms
  1651 | D:1      | Reached skill level 1 in Staves
  1651 | D:1      | Reached skill level 1 in Slings
  1651 | D:1      | Reached skill level 1 in Bows
  1651 | D:1      | Reached skill level 1 in Crossbows
  1651 | D:1      | Reached skill level 1 in Throwing
  1651 | D:1      | Reached skill level 1 in Armour
  1651 | D:1      | Reached skill level 1 in Shields
  1651 | D:1      | Reached skill level 1 in Unarmed Combat
  1651 | D:1      | Reached skill level 1 in Evocations
  1850 | D:2      | Reached XP level 4. HP: 32/32 MP: 4/13
  2158 | D:2      | Learned a level 3 spell: Mephitic Cloud
  2347 | D:3      | Found Fibic's Book Boutique.
  2713 | D:3      | Noticed Purgy
  2936 | D:2      | Learned a level 2 spell: Blink
  3052 | D:3      | Noticed Sigmund
  3257 | D:3      | Killed Sigmund
  3258 | D:3      | Reached skill level 1 in Hexes
  3258 | D:3      | Reached skill level 1 in Necromancy
  3258 | D:3      | Reached skill level 1 in Transmutations
  3258 | D:3      | Reached skill level 1 in Fire Magic
  3258 | D:3      | Reached skill level 1 in Ice Magic
  3258 | D:3      | Reached skill level 1 in Air Magic
  3258 | D:3      | Reached skill level 1 in Earth Magic
  3258 | D:3      | Reached skill level 1 in Poison Magic
  3258 | D:3      | Reached XP level 5. HP: 28/37 MP: 7/14
  3357 | D:3      | Noticed a phantom
  3387 | D:3      | Killed a phantom
  3388 | D:3      | Reached XP level 6. HP: 14/44 MP: 12/16
  3657 | D:3      | Found a radiant altar of Vehumet.
  4068 | D:4      | Found a hazy altar of Hepliaklqana.
  4167 | D:4      | Noticed an orc warrior
  4196 | D:4      | Reached skill level 5 in Dodging
  4211 | D:4      | Killed from afar by an orc priest

Illustrated notes

Levels and vault maps discovered:
D:1:      beargit_arrival_diablo_church, layout_loops_ring,
          dreamdust_ecumenical_altar_grove
D:2:      layout_rooms, grunt_ministairs_14
D:3:      layout_basic, nicolae_vehumet_radiance, serial_shops,
          nicolae_shop_statue_plus, bh_walls_and_bars, uniq_purgy, uniq_sigmund
D:4:      layout_rooms, nicolae_overflow_hidden_temple,
          ebering_ghost_reflecting_pool, ebering_dispersal_statue_hall,
          serial_bayou_pond_d

Skill      XL: |  1  2  3  4  5  6 |
---------------+-------------------+-----
Conjurations   | 2 |  2.6
Summonings     | 2 |  2.6
Translocations | 2 |  2.6
Invocations    | 1 2 |  2.1
Fighting       | 1 2 |  2.0
Short Blades   | 1 2 |  2.0
Long Blades    | 1 2 |  2.0
Axes           | 1 2 |  2.0
Maces & Flails | 1 2 |  2.0
Polearms       | 1 2 |  2.0
Staves         | 1 2 |  2.0
Slings         | 1 2 |  2.0
Bows           | 1 2 |  2.0
Crossbows      | 1 2 |  2.0
Throwing       | 1 2 |  2.0
Armour         | 1 2 |  2.0
Shields        | 1 2 |  2.0
Unarmed Combat | 1 2 |  2.0
Evocations     | 1 2 |  2.0
Hexes          | 1 |  1.5
Necromancy     | 1 |  1.5
Transmutations | 1 |  1.5
Fire Magic     | 1 |  1.5
Ice Magic      | 1 |  1.5
Air Magic      | 1 |  1.5
Earth Magic    | 1 |  1.5
Poison Magic   | 1 |  1.5
Dodging        | 5 |  5.0
Stealth        | |  4.6
Spellcasting   | |  7.4

Action                   |  1- 3 |  4- 6 || total
-------------------------+-------+-------++-------
Melee: Dagger            |    25 |    30 ||    55
       Bite              |     1 |     2 ||     3
 Cast: Magic Dart        |   100 |    75 ||   175
       Call Imp          |       |    18 ||    18
       Mephitic Cloud    |       |     2 ||     2
  Use: Scroll            |       |     3 ||     3
       Potion            |       |     1 ||     1
 Stab: Distracted        |       |     1 ||     1
Armor: Robe              |    17 |    15 ||    32
Dodge: Dodged            |    53 |    46 ||    99
